 Dungeon Crawl Stone Soup version 0.30.1-1-g62c8e00024 (webtiles) character file.

Game seed: 14031534635191912390

665 Sabo the Grave Robber (level 7, -1/51 HPs)
             Began as a Demonspawn Wanderer on July 14, 2023.
             Was a Priest of Sif Muna.
             Killed by divine providence
             ... invoked by an orc priest
              (10 damage)
             ... on level 5 of the Dungeon.
             The game lasted 00:24:20 (4546 turns).

Sabo the Grave Robber (Demonspawn Wanderer)         Turns: 4546, Time: 00:24:21

Health: -1/51      AC:  8    Str: 12    XL:     7   Next: 31%
Magic:  10/10      EV: 10    Int: 18    God:    Sif Muna [***...]
Gold:   219        SH:  0    Dex: 10    Spells: 9/10 levels left

rFire   + . .        j - +0 hand axe (heavy)
rCold   . . .        (no shield)
rNeg    . . .        c - +0 scale mail
rPois   .            (no helmet)
rElec   .            f - +0 cloak
rCorr   .            (no gloves)
SInv    .            (no boots)
Will    .....        (no amulet)
Stlth   +            k - ring of protection from fire
HPRegen 0.28/turn    (no ring)
MPRegen 0.12/turn

%: no passive effects
@: no status effects
A: sturdy frame 1, demonic magic 2, weakness stinger 2
a: Renounce Religion, Channel Magic, Forget Spell


You were on level 5 of the Dungeon.
You worshipped Sif Muna.
Sif Muna was most pleased with you.
You visited 1 branch of the dungeon, and saw 5 of its levels.

You collected 219 gold pieces.

Inventory:

Hand Weapons
 h - a +4 dagger
 i - a +0 sling
 j - a +0 heavy hand axe (weapon)
 q - a +0 sling
Missiles
 s - a boomerang (quivered)
Armour
 c - a +0 scale mail (worn)
 f - a +0 cloak (worn)
 n - a +0 leather armour of fire resistance
Jewellery
 k - a ring of protection from fire (left hand)
Wands
 m - a wand of roots (11)
Scrolls
 g - 4 scrolls of fog
 p - a scroll of amnesia
 r - 2 scrolls of magic mapping
 t - a scroll of teleportation
 u - a scroll of immolation {unknown}
 v - a scroll of brand weapon {unknown}
Potions
 a - a potion of mutation
 b - a potion of heal wounds
 d - 2 potions of invisibility
 e - 2 potions of might
 l - a potion of magic {unknown}
 o - 3 potions of curing {unknown}


   Skills:
 + Level 2.7 Fighting
 + Level 3.9 Axes
 + Level 0.3(2.4) Maces & Flails
 + Level 3.7 Armour
 + Level 1.8 Dodging
 + Level 1.5 Stealth
 + Level 2.3 Spellcasting
 + Level 5.3 Necromancy
 + Level 1.8 Air Magic


You had 9 spell levels left.
You knew the following spells:

 Your Spells              Type           Power      Damage    Failure   Level
a - Necrotise             Necr           84%        1d8       5%          1

Your spell library contained the following spells:

 Spells                   Type           Power      Damage    Failure   Level
 Kiss of Death            Conj/Necr      44%        2d8       16%         1
 Poisonous Vapours        Pois/Air       10%        N/A       45%         2
 Static Discharge         Conj/Air       10%        2-3/arc   45%         2
 Dispel Undead            Necr           21%        3d11      45%         4


Dungeon Overview and Level Annotations

Branches:
Dungeon (5/15)             Temple (0/1) D:4

Altars:
Gozag
Sif Muna

Annotations:
D:1 1 transporter


Innate Abilities, Weirdness & Mutations

Your movements are slightly less encumbered by armour. (ER -2)
Spells you cast may paralyse nearby enemies.
You have a tail ending in a sharp stinger.


Message History

Sif Muna accepts your kill.
You barely miss the orc. The orc closely misses you.
The orc hits you but does no damage. The orc closely misses you.
An orc priest comes into view. It is wielding a +0 club.
The orc priest shouts!
The orc closely misses you.
The orc priest moves out of view.
You slash the orc!
You kill the orc!
Sif Muna accepts your kill.
An orc wizard comes into view. It is wielding a +0 dagger.
The orc wizard shouts!
Items here: ( ) [ †.
The orc priest hits you with a +0 club.
You closely miss the orc priest.
Your tail-slap misses the orc priest.
The orc priest hits you with a +0 club.
You slash the orc wizard!
The orc wizard is heavily wounded.
The orc priest looks braver for a moment.
The orc wizard hits you with a +0 dagger.
You slash the orc wizard! You tail-slap the orc wizard.
You kill the orc wizard!
Sif Muna accepts your kill.
The orc priest invokes the aid of Beogh against you.
Beogh smites you!
* * * LOW HITPOINT WARNING * * *
The orc priest calls down the wrath of Beogh upon you.
Pain shoots through your body!
* * * LOW HITPOINT WARNING * * *
Found 11 gold pieces.
The orc priest hits you but does no damage.
Things that are here:
a +0 dagger; a +0 robe; 10 gold pieces You closely miss the orc priest.
The orc priest barely misses you. The orc priest hits you with a +0 club.
* * * LOW HITPOINT WARNING * * *
You hit the orc priest.
The orc priest is lightly wounded.
The orc priest mumbles some strange prayers to Beogh against you.
Beogh smites you!
You die...

#.#.##.....###.# #...#
##..........#..# #...#
##.#####.#...#########.####
##...)....#######..........#
#.######### .........##...#
.## ###..###.##...## .#
###............. ##
#....)##..........
#.#@.###.........#
#.#o.....##...####
.....##......$# ......##.###
..# .?........ #.#
#.......... .# .........
#..$.......


You could see an orc priest.

Vanquished Creatures
  A black bear (D:4)
  A bullfrog (D:5)
  A scorpion (D:5)
  3 hounds
  A gnoll bouda (D:4)
  2 orc priests (D:4)
  An iguana (D:5)
  2 orc wizards
  4 gnolls (D:4)
  5 adders
  A worm (D:4)
  3 dart slugs
  8 orcs
  10 endoplasms
  2 giant cockroaches
  9 goblins
  12 hobgoblins
  6 jackals (D:2)
  5 quokkas
  5 ball pythons
  2 bats
  4 frilled lizards
  8 kobolds
  2 rats (D:1)
  A butterfly (D:4)
99 creatures vanquished.

Vanquished Creatures (collateral kills)
  A gnoll (D:5)
1 creature vanquished.

Grand Total: 100 creatures vanquished

Notes
Turn   | Place    | Note
-------+----------+-------------------------------------------
     0 | D:1      | Sabo the Demonspawn Wanderer began the quest for the Orb.
     0 | D:1      | Sabo set off with the following items: a +0 club, a potion
                  | of heal wounds, a +0 scale mail; and the following spells
                  | available to memorise: Necrotise, Kiss of Death, Poisonous
                  | Vapours, Static Discharge, Dispel Undead.
     0 | D:1      | Reached XP level 1. HP: 13/13 MP: 3/3
   130 | D:1      | Found a faded altar of an unknown god.
   164 | D:1      | Prayed at the altar of an unknown god.
   164 | D:1      | Became a worshipper of Sif Muna the Loreminder
   164 | D:1      | Reached * piety under Sif Muna
   195 | D:1      | Learned a level 1 spell: Necrotise
   268 | D:1      | Gained mutation: You have a small tail. [demonic ancestry]
   268 | D:1      | Reached XP level 2. HP: 17/19 MP: 5/5
   429 | D:1      | Reached skill level 5 in Necromancy
  1166 | D:2      | Gained mutation: Spells you cast may paralyse adjacent
                  | enemies. [demonic ancestry]
  1166 | D:2      | Reached XP level 3. HP: 25/25 MP: 6/6
  1227 | D:2      | Reached ** piety under Sif Muna
  1370 | D:2      | Reached skill level 1 in Fighting
  2073 | D:3      | Reached skill level 1 in Axes
  2073 | D:3      | Gained mutation: Your movements are slightly less
                  | encumbered by armour. (ER -2) [demonic ancestry]
  2073 | D:3      | Reached XP level 4. HP: 32/32 MP: 7/7
  2584 | D:3      | Found an opulent altar of Gozag.
  2708 | D:3      | Gained mutation: You have a tail ending in a sharp stinger.
                  | [demonic ancestry]
  2708 | D:3      | Reached XP level 5. HP: 33/38 MP: 8/8
  2857 | D:4      | Found a staircase to the Ecumenical Temple.
  3274 | D:4      | Noticed a black bear
  3282 | D:4      | Killed a black bear
  3283 | D:4      | Reached skill level 1 in Dodging
  3283 | D:4      | Reached XP level 6. HP: 24/44 MP: 7/9
  3657 | D:4      | Reached *** piety under Sif Muna
  3868 | D:4      | Reached skill level 1 in Stealth
  4240 | D:5      | Entered Level 5 of the Dungeon
  4496 | D:5      | Gained mutation: Spells you cast may paralyse nearby
                  | enemies. [demonic ancestry]
  4496 | D:5      | Reached XP level 7. HP: 15/51 MP: 8/10
  4546 | D:5      | Killed from afar by an orc priest

Illustrated notes

Levels and vault maps discovered:
D:1:      spicycebolla_arrival_transporter_tutorial, layout_basic,
          shapermc_ecumenical_altar_flowoftime, minmay_hexomino_f4
D:2:      layout_loops_ring
D:3:      layout_rooms, gammafunk_temple_overflow_wave, serial_corexii_hall,
          chequers_hall_statues_corner_a, corexii_hall_statues_t,
          chequers_hall_statues_y, corexii_hall_statues_s, st_stairs_12,
          chequers_garden
D:4:      layout_gridville, minmay_temple_entry_butterflies
D:5:      layout_loops_cross, lemuel_doored_altar

Skill      XL: |  1  2  3  4  5  6 |
---------------+-------------------+-----
Necromancy     | 5 |  5.3
Fighting       | 1 2 |  2.7
Armour         | 2 3 |  3.7
Axes           | 1 2 3 |  3.9
Dodging        | 1 |  1.8
Stealth        | 1 |  1.5
Maces & Flails | |  0.3
Spellcasting   | |  2.3
Air Magic      | |  1.8

Action                     |  1- 3 |  4- 6 |  7- 9 || total
---------------------------+-------+-------+-------++-------
  Melee: Club              |    36 |       |       ||    36
         Hand axe          |   100 |   132 |    14 ||   246
         Punch             |     1 |     1 |       ||     2
         Tailslap          |     5 |    19 |     1 ||    25
   Cast: Necrotise         |     6 |    10 |       ||    16
    Use: Scroll            |     3 |     6 |       ||     9
         Potion            |       |     2 |       ||     2
   Stab: Paralysed         |       |     8 |       ||     8
 Armour: Scale mail        |    96 |   101 |     6 ||   203
  Dodge: Dodged            |    94 |   135 |    15 ||   244
